AoeStats
← Zadov420

Arabia

509950166Analyzed
3v3 RM · 3d ago on Sep 28, 2026· 39m 16s· 6 players
Game mode
Random Map
Map size
Normal (6 player)
Population
200
Speed
Normal
Resources
Standard
Victory
Conquest
Starting age
Dark Age
Ending age
Imperial Age
RankedLock teamsTeams togetherTeam positionsShared explorationLock speedFull tech treeHidden civsTurbo modeCheats
Victory
Defeat
🇵🇹 Vikings · Portugal
635
+13
🇵🇹 Turks · Portugal
619
+14
🇵🇹 Franks · Portugal
566
+16
🇪🇨 Britons · Ecuador
664
-18
🇺🇸 Britons · United States
635
-17
🇧🇷 Lithuanians · Brazil
412
-8
BigPapaPump
11:11 Feudal Age
13:15 Wheelbarrow
12:28 Double-Bit Axe
12:27 Horse Collar
12:41 Stone Mining
23:21 Gold Mining
26:07 Castle Age
27:44 Hand Cart
27:50 Bow Saw
27:45 Heavy Plow
27:13 Pikeman
27:57 Squires
37:06 Light Cavalry
37:47 Husbandry
Zadov420
12:04 Feudal Age
12:52 Horse Collar
13:35 Double-Bit Axe
16:08 Gold Mining
21:38 Castle Age
32:53 Husbandry
33:44 Wheelbarrow
33:50 Wheelbarrow
33:52 Gold Shaft Mining
35:18 Forging
38:52 Iron Casting
38:08 Fletching
renatomuzzi
1:04 Loom
14:43 Feudal Age
15:12 Town Watch
15:17 Double-Bit Axe
15:32 Horse Collar
21:57 Bloodlines
28:51 Arson
31:43 Castle Age
31:07 Gold Mining
☄ sANT ☩
4:11 Loom
11:20 Feudal Age
14:32 Scale Mail Armor
16:49 Forging
17:16 Man-at-Arms
26:38 Castle Age
28:20 Long Swordsman
29:37 Gold Mining
29:37 Stone Mining
29:34 Double-Bit Axe
29:33 Horse Collar
30:46 Chieftains
31:18 Pikeman
31:57 Crossbowman
37:39 Imperial Age
WESSAI
14:30 Feudal Age
17:45 Double-Bit Axe
21:03 Castle Age
25:33 Imperial Age
26:01 Padded Archer Armor
25:53 Fletching
27:02 Horse Collar
27:33 Bow Saw
27:15 Gold Mining
29:30 Ballistics
31:31 Gold Shaft Mining
30:57 Heavy Plow
31:58 Two-Man Saw
30:49 Stone Mining
33:33 Leather Archer Armor
33:14 Bodkin Arrow
33:31 Forging
parkzam
6:04 Loom
10:57 Feudal Age
16:44 Double-Bit Axe
23:40 Castle Age
23:08 Scale Barding Armor
23:14 Forging
24:49 Bow Saw
25:19 Chain Barding Armor
25:35 Iron Casting
25:03 Husbandry
28:51 Gold Mining
28:53 Stone Mining
38:50 Gold Shaft Mining
Connection lost

Rejoining the realm…

Still unreachable

The connection could not be restored.

Session expired

The server has moved on; the page needs a fresh start.